← All builds
Tech / Armada / Economy first / OBSERVED BUILD

Fast fusion

Armada Tech (Eco) build order · Supreme Isthmus

Standard T2 rush economy build that adds an earlier Fusion Reactor around 8:52 to scale power sooner, with units fighting only on the team's own side afterward.

Usually first T2 con to Geo (82%)

#eco #t2 · 176 distinct matches · 61 players · 6% of Armada Tech games · team won 59% of 181 · Recently observed

THE CATCH, AND WHAT COMES WITH IT
  • Fusion ReactorFusion Reactor from 8:50 · 12% of role by thenOnly 12% of Tech games have it by then; others who build it get it around 11:21

Then transitions into anti-nuke (30% of army).

HOW TO PLAY IT

Key timing: Fusion Reactor by 10:00

  1. Run the standard T2 rush opening with Bot Lab then Advanced Bot Lab.
  2. Get the Advanced Bot Lab up on the usual fast timing.
  3. Upgrade to Advanced Metal Extractor on the normal schedule.
  4. Transition into the typical Citadel anti-nuke and Armageddon nuke silo army.
  5. Push an early Fusion Reactor, well ahead of the role's usual 12:03.

Phase by phase

TYPICAL OF ITS 176 GAMES · AGAINST STANDARD TECH
  1. 1
  2. 2
  3. 3
  4. 4
  5. 5
PLAY THE OPENING

Follow the example game's first 9:50 step by step: what to build now, what comes next, and where it goes. At 1× it keeps pace with your own game.

  1. 1

    Up to the Bot Lab

    Economy
    • Metal Extractor3Mex
    • Wind Turbine4Wind
    Order
    1. Bot LabBot Lab after 3 mex, 4 winddone ~1:16, middle half 1:09–1:30

    By 0:59 in all: 3 mex · 4 wind

    The example game in this phase · 5 steps
    1. Mex ×3
    2. Wind ×5
    3. Energy storage
    4. Wind
    5. Bot LabBot Labdone 1:46 · typical 1:16
  2. 2

    Bot Lab to Advanced Bot Lab

    Economy
    • Metal Extractor1Mex
    • Wind Turbine9Wind
    • Energy Storage1Energy storage
    Order
    1. Advanced Bot LabAdvanced Bot Lab after 4 mex, 12 wind, 3 con turretdone ~4:15, middle half 4:02–4:27
    Builders
    • Construction Turret3 Con turret
    • Lazarus4 Lazarus
    • Construction Bot2 Con bot
    • Construction Bot1 Con bot for allies

    Some games also: converter (45%)

    By 3:13 in all: 4 mex · 12 wind · 1 energy storage · 3 con turret

    The example game in this phase · 11 steps
    1. Construction BotCon bot
    2. Wind
    3. LazarusLazarus ×2
    4. Construction BotCon botfor Air
    5. Mex
    6. LazarusLazarus
    7. Con turret
    8. LazarusLazarusfor Geo sea
    9. LazarusLazarus
    10. Con turret ×2
    11. Advanced Bot LabAdvanced Bot Labdone 4:51 · typical 4:15
  3. 3

    Advanced Bot Lab to 5:00

    Economy
    • Wind Turbine3Wind
    Order
    1. Bot LabEat Bot Lab
    Builders
    • Advanced Construction Bot1 T2 con bot for allies

    Some games also: converter (47%)

    By 5:00 in all: 4 mex · 17 wind · 2 converter · 1 energy storage · 3 con turret

    The example game in this phase · 2 steps
    1. Bot LabEat Bot Labreclaimed for its metal
    2. Advanced Construction BotT2 con botfor Geo
  4. 4

    5:00 to Fusion Reactor

    Economy
    • Wind Turbine26Wind+7 vs standard
    • Energy Converter4Converter+3 vs standard
    Order
    1. Fusion ReactorFusion Reactor after 4 mex, 43 wind, 7 converterdone ~10:10, middle half 9:50–10:41
    Builders
    • Butler8 Butler +3 vs standard
    • Advanced Construction Bot3 T2 con bot for allies
    • Advanced Construction Bot1 T2 con bot

    Some games also: con turret (48%)

    By 8:50 in all: 4 mex · 43 wind · 7 converter (standard 4) · 1 energy storage · 3 con turret

    The example game in this phase · 10 steps
    1. Advanced Metal ExtractorT2 mexdone 5:59 · typical 5:20
    2. ButlerButler
    3. Advanced Construction BotT2 con botfor Air
    4. Advanced Metal ExtractorT2 mex
    5. Advanced Construction BotT2 con botfor Pond
    6. Advanced Metal ExtractorT2 mex
    7. ButlerButler
    8. Advanced Construction BotT2 con bot ×2for Geo sea
    9. Advanced Metal ExtractorT2 mex
    10. Fusion ReactorFusiondone 9:41 · typical 10:10
  5. 5

    Fusion Reactor to 15:00

    Economy
    • Wind Turbine84Wind−66 vs standard
    • Energy Converter48Converter
    Order
    1. Advanced Bot LabEat Advanced Bot Lab
    2. Fusion ReactorFusion after 86 wind, 17 converter, 7 con turretin 62% of games
    Builders
    • Construction Turret10 Con turret +3 vs standard

    Some games also: anti-nuke (48%) · Advanced Fusion Reactor (39%) · Aircraft Plant (38%) · metal storage (36%) · Butler (32%)

    The standard build makes here, this one skips: 6 Butler

    By 15:00 in all: 4 mex · 131 wind (standard 185) · 2 fusion · 55 converter · 1 energy storage · 1 metal storage

    The example game in this phase · 17 steps
    1. Con turret
    2. Advanced Construction BotT2 con bot
    3. T2 converter
    4. Con turret ×3
    5. T2 converter
    6. SprinterSprinter ×8
    7. T2 converter
    8. SprinterSprinter
    9. Fusion ReactorFusion
    10. Advanced Construction BotT2 con bot
    11. T2 converter
    12. RattlesnakeRattlesnakedone 14:48
    13. Con turret
    14. Metal storage
    15. Con turret ×2
    16. GhostGhost ×4
    17. ArmageddonArmageddonnot finished by 15:00

Counts are medians over the build's games: half of them build more, half fewer. The example game is SHOGVN's (32 OS, 09/10/2026); pick another.

Team trades

IN AT LEAST 30% OF ITS GAMES

You hand over

  • Construction Bot1 Con bot to Airfirst at 2:23 · in 85% of games
  • Advanced Construction Bot5 T2 con bot to Air or Pond or Beach seafirst at 4:47 · in 100% of games

You get

  • Hercules1 Light transport from Airfirst at 3:55 · in 86% of games

How it plays out

Typical game of this build against the role’s standard build, running totals by minute

  • This build
  • Standard tech

Metal produced

020k40k
0:005:0010:0015:00

metal

Enemy metal destroyed

050100150
0:005:0010:0015:00

metal

Own metal lost

050100150
0:005:0010:0015:00

metal

181 games.

Show as table
ByMetal produced: This buildMetal produced: Standard techEnemy metal destroyed: This buildEnemy metal destroyed: Standard techOwn metal lost: This buildOwn metal lost: Standard tech
1:003843830000
2:009179150000
3:00168416520000
4:00320231440000
5:00487748480000
6:00596058020000
7:00769072300000
8:00977690650000
9:0012181111790000
10:0015841135240000
11:0019834162420000
12:0023367196520000
13:0027274234280000
14:00309592728500074
15:003596131507011574130
WHAT THE NUMBERS SAY

Won more often than the standard build and pulled well ahead on metal production with almost no combat losses either way.

  • + Metal production at 15:00 reaches 36430 vs 31668 standard.
  • + Won more often than the standard build (60% vs 53%).
  • − Enemy metal destroyed by 15:00 is lower than standard (39 vs 266).
  • − Fusion push is purely economic, offering no early combat payoff.
THE EXAMPLE YOU ARE READING

SHOGVN

32.5 OS · 09/10/2026

Open source match ↗

1 received units
1611 metal received · 55135 energy received

Allied construction assistance is unknown. Timings are observations, not a promise of solo reproducibility.

Typical milestones

Bot Lab1:16Middle 50%: 1:09–1:30 · n=181
Advanced Bot Lab4:15Middle 50%: 4:02–4:27 · n=181
Advanced Metal Extractor5:20Middle 50%: 5:00–5:40 · n=181
Fusion Reactor10:10Middle 50%: 9:50–10:41 · n=168

Played most by

Teaner30games of this buildSyphos11games of this buildKOT_10games of this build[Grump]Grumpiness9games of this buildhaaven8games of this build